 Dungeon Crawl Stone Soup version 0.25-a0-1079-g858b6a6ff6 (webtiles) character file.

Game seed: 8654490276535340668, levelgen mode: deterministic

38 Flugslaktarn the Shield-Bearer (level 3, -1/31 HPs)
             Began as a Gnoll Fighter on May 15, 2020.
             Slain by an adder (3 damage)
             ... on level 2 of the Dungeon.
             The game lasted 00:00:35 (719 turns).

Flugslaktarn the Shield-Bearer (Gnoll Fighter)       Turns: 719, Time: 00:00:36

Health: -1/31      AC:  7    Str: 19    XL:     3   Next: 43%
Magic:  4/4        EV:  4    Int: 10    God:
Gold:   67         SH: 10    Dex: 14    Spells: 3/3 levels left

rFire    . . .     SeeInvis .   a - +0 war axe
rCold    . . .     Gourm    .   c - +0 kite shield
rNeg     . . .     Faith    .   b - +0 scale mail
rPois    .         Spirit   .   (no helmet)
rElec    .         Reflect  .   (no cloak)
rCorr    .         Harm     .   (no gloves)
MR       .....                  (no boots)
Stlth    ..........             f - amulet of inaccuracy (curse)
HPRegen  0.10/turn              v - -4 ring of evasion (curse)
MPRegen  0.09/turn              (no ring)

@: mighty, brilliant, lethally poisoned (-1 -> -3)
A: distributed training, fangs 1, talons 1, frail 1, strong nose
a: no special abilities


You were on level 2 of the Dungeon.
You were not hungry.

You visited 1 branch of the dungeon, and saw 2 of its levels.

You collected 67 gold pieces.

Inventory:

Hand Weapons
 a - a +0 war axe (weapon)
Armour
 b - a +0 scale mail (worn)
 c - a +0 kite shield (worn)
Jewellery
 f - a cursed amulet of inaccuracy (around neck)
   (You found it on level 1 of the Dungeon)
 v - a cursed -4 ring of evasion (left hand)
   (You found it on level 1 of the Dungeon)
Scrolls
 i - a scroll of magic mapping
 t - a scroll of teleportation
Potions
 d - a potion of might
 h - a potion of haste
Comestibles
 e - 5 rations


   Skills:
 + Level 6.5 Fighting
 + Level 0.7 Short Blades
 + Level 0.7 Long Blades
 + Level 4.5 Axes
 + Level 0.7 Maces & Flails
 + Level 0.7 Polearms
 + Level 0.7 Staves
 + Level 0.7 Slings
 + Level 0.7 Bows
 + Level 0.7 Crossbows
 + Level 0.7 Throwing
 + Level 6.5 Armour
 + Level 0.7 Dodging
 + Level 0.7 Stealth
 + Level 6.5 Shields
 + Level 0.7 Unarmed Combat
 + Level 0.7 Spellcasting
 + Level 0.5 Conjurations
 + Level 0.5 Hexes
 + Level 0.5 Charms
 + Level 0.5 Summonings
 + Level 0.5 Necromancy
 + Level 0.5 Translocations
 + Level 0.5 Transmutations
 + Level 0.5 Fire Magic
 + Level 0.5 Ice Magic
 + Level 0.5 Air Magic
 + Level 0.5 Earth Magic
 + Level 0.5 Poison Magic
 + Level 0.9 Invocations
 + Level 0.7 Evocations


You had 3 spell levels left.
You didn't know any spells.
Your spell library was empty.

Dungeon Overview and Level Annotations

Branches:
Dungeon (2/15)

Altars:


Innate Abilities, Weirdness & Mutations

Your experience applies equally to all skills.
You have very sharp teeth.
Your uncanny sense of smell can sniff out nearby items.
You have sharp toenails.
You are frail. (-10% HP)


Message History

You completely miss the adder.
The adder is severely wounded.
You block the adder's attack. The adder bites you but does no damage.
It was a potion of mutation.
You feel extremely strange.
You feel frail.
Your toenails lengthen and sharpen.
You block the adder's attack.
It was a potion of brilliance.
You feel clever all of a sudden.
* * * LOW HITPOINT WARNING * * *
You feel sick. The adder bites you but does no damage.
The adder barely misses you.
Unknown command.
You feel very mighty all of a sudden. The adder bites you but does no damage.
Unknown command.
Your shield prevents you from hitting the adder.
Your bite misses the adder.
The adder is severely wounded.
The adder bites you.
You die...

#. .... # #..
#..#.#####
#..##(.#......
#....).)[.....
#.##.#.# ..# #
#<.....# #.# #
####o### #.# # #S#
#.# . ####@#### #.# #
#.......# #.# #
#.##.##.#######.#####
# #.#.......##......
#...#####[####.###
###.# #.####.# #
#.####.# #......# #
#......# #.###### #
######.#####.# #


You could see an adder and an orc.

Vanquished Creatures
  A dart slug (D:1)
  2 leopard geckos (D:1)
  3 orcs (D:2)
  5 goblins (D:1)
  4 hobgoblins (D:1)
  4 jackals (D:1)
  2 bats
  A frilled lizard (D:1)
  5 kobolds
  A rat (D:1)
28 creatures vanquished.

Notes
Turn   | Place    | Note
-------+----------+-------------------------------------------
     0 | D:1      | Flugslaktarn the Gnoll Fighter began the quest for the Orb.
     0 | D:1      | Reached XP level 1. HP: 23/23 MP: 1/1
    61 | D:1      | Reached XP level 2. HP: 23/29 MP: 2/2
   304 | D:1      | Reached XP level 3. HP: 30/35 MP: 3/3
   716 | D:2      | Gained mutation: You are frail. (-10% HP) [potion of
                  | mutation]
   716 | D:2      | Gained mutation: You have sharp toenails. [potion of
                  | mutation]
   719 | D:2      | Slain by an adder

Illustrated notes

Levels and vault maps discovered:
D:1:      lemuel_arrival_rhombus, layout_basic, supply_closet_lemuel
D:2:      layout_loops_cross, lemuel_crystal_altar,
          chequers_temple_overflow_statue_of_worship

Action                   || total
-------------------------++-------
Melee: War axe           ||    81
       Bite              ||     7
  Use: Scroll            ||     3
       Potion            ||     3
Armor: Scale mail        ||    73
Dodge: Dodged            ||    32
Block: Kite shield       ||    64

Table legend:
 A = Non-vault XP
 B = Vault XP
 C = Vault XP percentage of total XP
 D = Non-vault monster count
 E = Vault monster count
 F = Vault count percentage of total count
                 A         B        C        D         E       F
            +---------+---------+-------+---------+---------+-------
      Total |      55 |       0 |   0.0 |      28 |       0 |   0.0
            +---------+---------+-------+---------+---------+-------
        D:1 |      43 |       0 |   0.0 |      23 |       0 |   0.0
        D:2 |      12 |       0 |   0.0 |       5 |       0 |   0.0
            +---------+---------+-------+---------+---------+-------
